 Dungeon Crawl Stone Soup version 0.30-a0-354-g6b83867211 (webtiles) character file.

Game seed: 14815228829859856726

247 RascalDebosk the Magician (level 6, -1/41 HPs)
             Began as a Djinni Air Elementalist on Nov 7, 2022.
             Killed by their own static electricity (2 damage)
             ... on level 3 of the Dungeon.
             The game lasted 00:17:24 (2308 turns).

RascalDebosk the Magician (Djinni Air Elementalist) Turns: 2308, Time: 00:17:25

Health: -1/41      AC:  4    Str:  7    XL:     6   Next: 34%
Gold:   84         EV: 12    Int: 19    God:
                   SH:  0    Dex: 13

rFire   + + .      SeeInvis .    (no weapon)
rCold   x . .      Faith    .    (no shield)
rNeg    . . .      Spirit   .    l - +1 animal skin
rPois   ∞          Reflect  .    m - +0 helmet
rElec   .          Harm     .    (no cloak)
rCorr   .          Rampage  .    (no gloves)
Will    .....                    (boots unavailable)
Stlth   ++........               (no amulet)
HPRegen 0.26/turn                (no ring)
MPRegen 0.00/turn                (no ring)

@: flying, very slightly contaminated
A: sickness immunity, fire resistance 2, cold vulnerability 1, float, innate
caster, HP casting, extra vitality 1
a: no special abilities


You were on level 3 of the Dungeon.
You visited 1 branch of the dungeon, and saw 3 of its levels.

You collected 84 gold pieces.

Inventory:

Hand Weapons
 k - a +0 club
Armour
 a - a +0 robe
 l - a +1 animal skin (worn)
 m - a +0 helmet (worn)
Jewellery
 p - a +6 ring of strength
Wands
 r - a wand of digging (7)
Scrolls
 b - a scroll of butterflies {unknown}
 e - a scroll of teleportation {unknown}
 f - a scroll of magic mapping {unknown}
 g - a scroll of identify {unknown}
 o - a scroll of amnesia {unknown}
 q - a scroll of torment {unknown}
Potions
 c - a potion of berserk rage {unknown}
 d - a potion of heal wounds {unknown}
 h - a potion of haste {unknown}
 i - a potion of curing {unknown}
 j - a potion of degeneration {unknown}
 n - a potion of resistance {unknown}


   Skills:
 + Level 0.6 Fighting
 - Level 2.1 Dodging
 - Level 1.5 Stealth
 * Level 5.1 Spellcasting


You had 2 spell levels left.
You knew the following spells:

 Your Spells              Type           Power      Damage    Failure   Level
a - Shock                 Conj/Air       96%        1d9       1%          1
b - Static Discharge      Conj/Air       48%        2-4/arc   2%          2
c - Swiftness             Air            24%        N/A       4%          3
d - Airstrike             Air            12%        2d(2-18)  16%         4
e - Necrotise             Necr           96%        1d8       1%          1
f - Blink                 Tloc           48%        N/A       2%          2
Your spell library was empty.

Dungeon Overview and Level Annotations

Branches:
Dungeon (3/15)

Altars:

Annotations:
D:3 Bravis's ghost, amateur GnWn


Innate Abilities, Weirdness & Mutations

You are immune to sickness and miasma.
You are immune to poison.
Your flesh is very heat resistant. (rF++)
You are vulnerable to cold. (rC-)
You float through the air rather than walking.
You learn spells naturally, not from books.
Your magical power is your life essence.
You have superior vitality. (+4 MHP)


Message History

The fungus begins to die.
The kobold hits the fungus with a +0 whip.
Found a flail.
The kobold hits the fungus with a +0 whip.
The kobold hits the fungus with a +0 whip.
The kobold hits the fungus with a +0 dagger.
The kobold hits the fungus with a +0 whip.
The kobold hits the fungus with a +0 dagger.
The kobold shouts!
A nearby fungus withers and dies.
Press: ? - help, v - describe, . - travel
Here: a kobold, wielding a +0 short sword and quivering stones (fire blocked by a runed translucent door)
The floor.
You reach down and open the gate.
Casting: Shock (safe; 1% risk of failure)
Confirm with . or Enter, or press ? or * to list all spells.
The kobold is struck by an arc of lightning.
The kobold is severely wounded.
You are struck by an arc of lightning.
The lightning grounds out.
You hear the rusting of a very distant drain.
The kobold hits you but does no damage.
The kobold hits the fungus with a +2 short sword of electrocution.
The fungus begins to die.
Casting: Static Discharge (safe; 2% risk of failure)
Confirm with . or Enter, or press ? or * to list all spells.
The kobold is struck by an arc of lightning.
The kobold is heavily wounded.
The kobold is struck by an arc of lightning.
The kobold is severely wounded.
Bravis's ghost is struck by an arc of lightning.
Bravis's ghost is lightly damaged.
The kobold is struck by an arc of lightning.
You kill the kobold!
The lightning grounds out.
The kobold is struck by an arc of lightning.
You kill the kobold!
The kobold is struck by an arc of lightning.
You kill the kobold!
Bravis's ghost is struck by an arc of lightning.
Bravis's ghost is moderately damaged.
The kobold hits the fungus with a +2 short sword of electrocution.
Casting: Static Discharge (safe; 2% risk of failure)
Confirm with . or Enter, or press ? or * to list all spells.
Bravis's ghost is struck by an arc of lightning.
Bravis's ghost is heavily damaged.
The kobold is struck by an arc of lightning.
You kill the kobold!
The lightning grounds out.
The kobold hits you with a +2 rapier of chaos.
You are electrocuted!!
* * * LOW HITPOINT WARNING * * *
Bravis's ghost closely misses you.
The kobold hits the fungus with a +2 short sword of electrocution.
Casting: Static Discharge (safe; 2% risk of failure)
Confirm with . or Enter, or press ? or * to list all spells.
Bravis's ghost is struck by an arc of lightning.
Bravis's ghost is heavily damaged.
The kobold is struck by an arc of lightning.
You kill the kobold!
The lightning grounds out.
* * * LOW HITPOINT WARNING * * *
Bravis's ghost hits you.
* * * LOW HITPOINT WARNING * * *
* * * LOW HITPOINT WARNING * * *
The kobold hits the fungus with a +2 short sword of electrocution.
Casting: Static Discharge (safe; 2% risk of failure)
Confirm with . or Enter, or press ? or * to list all spells.
You miscast Static Discharge.
You are very lightly contaminated with residual magic.
Nothing appears to happen.
* * * LOW HITPOINT WARNING * * *
A nearby fungus withers and dies.
Bravis's ghost closely misses you.
Casting: Static Discharge (safe; 2% risk of failure)
Confirm with . or Enter, or press ? or * to list all spells.
Bravis's ghost is struck by an arc of lightning.
Bravis's ghost is severely damaged.
The kobold brigand is struck by an arc of lightning.
The kobold brigand is lightly wounded.
The kobold is struck by an arc of lightning.
You kill the kobold!
The lightning grounds out.
The kobold brigand is struck by an arc of lightning.
The kobold brigand is moderately wounded.
You are struck by an arc of lightning.
* * * LOW HITPOINT WARNING * * *
The lightning grounds out.
* * * LOW HITPOINT WARNING * * *
Bravis's ghost hits you but does no damage.
Unknown command.
Unknown command.
Casting: Static Discharge (safe; 2% risk of failure)
Confirm with . or Enter, or press ? or * to list all spells.
The kobold brigand is struck by an arc of lightning.
The kobold brigand is moderately wounded.
The kobold is struck by an arc of lightning.
You kill the kobold!
Bravis's ghost is struck by an arc of lightning.
Bravis's ghost is severely damaged.
You are struck by an arc of lightning.
You die...

................#
.................#
.................#
.................#
.................#
.................#
.................#
.................#
............)W@..#
.........##')K##.#
........##....K###
........#..#.#K.#
........#8.#.#.8#
........#..#.#.P#
#.......##.....##
#.#..###. ?).##


You could see a kobold brigand, Bravis's ghost and 2 kobolds.

Vanquished Creatures
  A water moccasin (D:3)
  Robin (D:2)
  4 adders (D:2)
  A worm (D:3)
  2 dart slugs (D:1)
  6 bats
  5 endoplasms (D:2)
  3 giant cockroaches
  17 goblins
  6 hobgoblins
  6 jackals
  11 kobolds
  4 quokkas
  9 ball pythons
  A frilled lizard (D:2)
  5 rats
82 creatures vanquished.

Vanquished Creatures (collateral kills)
  A bat (D:1)
1 creature vanquished.

Vanquished Creatures (others)
  3 fungi (D:3)
3 creatures vanquished.

Grand Total: 86 creatures vanquished

Notes
Turn   | Place    | Note
-------+----------+-------------------------------------------
     0 | D:1      | RascalDebosk the Djinni Air Elementalist began the quest
                  | for the Orb.
     0 | D:1      | RascalDebosk set off with the following spells memorised:
                  | Shock, Static Discharge, Swiftness, Airstrike.
     0 | D:1      | Reached XP level 1. HP: 15/15 MP: 0/0
    80 | D:1      | Reached XP level 2. HP: 19/21 MP: 0/0
   155 | D:1      | Found a faded altar of an unknown god.
   273 | D:1      | Reached skill level 3 in Spellcasting
   493 | D:1      | Reached XP level 3. HP: 20/25 MP: 0/0
   493 | D:1      | Learned a level 1 spell: Necrotise
  1196 | D:2      | Noticed Robin
  1201 | D:2      | Killed Robin
  1202 | D:2      | Reached XP level 4. HP: 26/31 MP: 0/0
  1556 | D:2      | Reached skill level 4 in Spellcasting
  1563 | D:2      | Reached XP level 5. HP: 33/35 MP: 0/0
  1563 | D:2      | Learned a level 2 spell: Blink
  2048 | D:3      | Noticed a water moccasin
  2059 | D:3      | Killed a water moccasin
  2060 | D:3      | Reached skill level 5 in Spellcasting
  2060 | D:3      | Reached XP level 6. HP: 6/41 MP: 0/0
  2285 | D:3      | Found a runed translucent gate.
  2285 | D:3      | Found a runed translucent gate.
  2285 | D:3      | Found a runed translucent gate.
  2288 | D:3      | Noticed Bravis's ghost (amateur GnWn)
  2307 | D:3      | HP: 2/41 [/static electricity (2)]
  2308 | D:3      | Killed from afar by themself

Illustrated notes

Levels and vault maps discovered:
D:1:      amcnicky_arrival_blooded_trapdoor, layout_loops_corners,
          basic_ecumenical_altar
D:2:      layout_loops_cross, skrybe_limestone_x, uniq_robin
D:3:      layout_basic, mainiacjoe_overflow_boulevard,
          gammafunk_ghost_nasty_kobolds, portal_sewer_entry_e,
          patterned_corridor

Skill      XL: |  1  2  3  4  5 |
---------------+----------------+-----
Spellcasting   | 3 4 5 |  5.1
Fighting       | |  0.6
Dodging        | |  2.1
Stealth        | |  1.5

Action                   |  1- 3 |  4- 6 || total
-------------------------+-------+-------++-------
 Cast: Shock             |    62 |    82 ||   144
       Necrotise         |     4 |       ||     4
       Static Discharge  |       |     7 ||     7
Armor: Robe              |     2 |       ||     2
       Animal skin       |       |     5 ||     5
Dodge: Dodged            |     8 |    13 ||    21

Table legend: (Time is in decaauts)
 A = Elapsed time spent in this place.
 B = Non-inter-level travel time spent in this place.
 C = Inter-level travel time spent in this place.
 D = Time resting spent in this place.
 E = Time spent auto-exploring this place.
 F = Levels seen in this place.
 G = Mean time per level.
                   A        B        C        D        E       F      G
               +--------+--------+--------+--------+--------+-----+--------+
         Total |   2307 |   2272 |     35 |    198 |   1736 |   3 |  769.0 |
       Dungeon |   2307 |   2272 |     35 |    198 |   1736 |   3 |  769.0 |
               +--------+--------+--------+--------+--------+-----+--------+

Top non-repeatable levels by time:
     D:1: 1168 daAuts
     D:2: 879 daAuts
     D:3: 259 daAuts
